 Dungeon Crawl Stone Soup version 0.26-a0-737-g4e9f4955e2 (webtiles) character file.

Game seed: 1929813499927514692

1617 jiml777 the Thaumaturge (level 8, -3/42 HPs)
             Began as a Deep Elf Air Elementalist on Nov 5, 2020.
             Was an Initiate of Sif Muna.
             Slain by an orc warrior
             ... wielding a +0 trident
              (19 damage)
             ... on level 7 of the Dungeon.
             The game lasted 00:56:54 (7906 turns).

jiml777 the Thaumaturge (Deep Elf Air Elementalist) Turns: 7906, Time: 00:56:54

Health: -3/42      AC:  5    Str:  5    XL:     8   Next: 64%
Magic:  4/22       EV: 15    Int: 23    God:    Sif Muna [......]
Gold:   133        SH:  0    Dex: 21    Spells: 14/24 levels left

rFire    + . .     SeeInvis .   o - +1 short sword (elec)
rCold    . . .     Faith    .   (no shield)
rNeg     . . .     Spirit   .   a - +2 robe
rPois    .         Reflect  .   (no helmet)
rElec    .         Harm     .   v - +0 cloak
rCorr    .         Rampage  .   z - -1 pair of gloves (curse)
MR       .....                  (no boots)
Stlth    +++.......             (no amulet)
HPRegen  0.14/turn              u - ring of protection from fire
MPRegen  0.18/turn              c - +6 ring of dexterity

@: slowed, very slow
A: no striking features
a: Renounce Religion


You were on level 7 of the Dungeon.
You worshipped Sif Muna.
Sif Muna was noncommittal.
You visited 2 branches of the dungeon, and saw 8 of its levels.

You collected 353 gold pieces.
You spent 220 gold pieces at shops.

Inventory:

Hand Weapons
 h - a +0 dagger of protection
 m - a +2 short sword of flaming
 o - a +1 short sword of electrocution (weapon)
Missiles
 d - 88 arrows
 j - 18 poisoned darts (quivered)
 k - 37 sling bullets
Armour
 a - a +2 robe (worn)
 v - a +0 cloak (worn)
 z - a cursed -1 pair of gloves (worn)
Jewellery
 c - a +6 ring of dexterity (right hand)
 u - a ring of protection from fire (left hand)
Wands
 n - a wand of enslavement (9)
 A - a wand of digging (4)
Scrolls
 b - a scroll of remove curse
 f - 3 scrolls of teleportation
 p - 2 scrolls of magic mapping
 r - a scroll of fog
 t - 2 scrolls of enchant armour
 y - a scroll of amnesia
 B - a scroll of identify
Potions
 e - a potion of heal wounds
 g - 4 potions of invisibility
 i - a potion of flight
 l - a potion of brilliance
 q - a potion of lignification
 s - a potion of cancellation
 w - a potion of stabbing
 x - a potion of ambrosia


   Skills:
 + Level 0.4 Fighting
 + Level 4.5 Dodging
 + Level 3.4 Stealth
 + Level 8.9 Spellcasting
 + Level 4.0 Conjurations
 + Level 6.7 Air Magic
 * Level 3.8 Evocations


You had 14 spell levels left.
You knew the following spells:

 Your Spells              Type           Power        Failure   Level
a - Shock                 Conj/Air       ####         1%          1
b - Swiftness             Air            #####...     1%          2
c - Static Discharge      Conj/Air       #####...     1%          3
d - Airstrike             Air            #####.....   4%          4

Your spell library contained the following spells:

 Spells                   Type           Power        Failure   Level
 Lightning Bolt           Conj/Air       #####.....   19%         5


Dungeon Overview and Level Annotations

Branches:
Dungeon (7/15)             Temple (1/1) D:6

Altars:
Ashenzari
Cheibriados
Dithmenos
Elyvilon
Fedhas
Gozag
Hepliaklqana
Makhleb
Nemelex Xobeh
Okawaru
Sif Muna
Trog
Uskayaw
Vehumet

Shops:
D:5 ?[!


Message History

The orc warrior barely misses you.
The orc wizard mumbles some strange words.
The orc wizard blinks!
The orc warrior hits you from afar with a +0 trident!
The orc wizard gestures wildly while chanting.
The orc wizard seems to speed up.
The orc wizard looks satisfied for a moment.
The orc wizard mumbles some strange words.
The orc wizard blinks!
The orc warrior hits you from afar with a +0 trident!
The orc warrior hits you but does no damage.
The worker ant zombie closely misses you.
The orc wizard casts a spell.
The orc wizard flickers and vanishes!
Deactivating autopickup; reactivate with Ctrl-A.
The worker ant zombie bites you. The orc warrior misses you.
Something hits you.
The orc warrior hits you from afar with a +0 trident!!
You die...

#.# #.##.## #.## #.#.#.#
#####..###..##.#
####........####.##
..##.####...###_########
..##.# ###.#.###......#
..##.# #†#..........##
..##.# #.)..)........#
..#..# ###...@).......
.# ....##
#.###{#######... ....#
#.###oZ.## #.##. ##..#
#........###..... #.##
######......... . #.#
####....#.##.. #.#
#............# #..
#...####....### ##. ...#
#.....#


You could see an orc warrior and a worker ant zombie.

Vanquished Creatures
  An ice beast (D:6)
  A black bear (D:6)
  2 ogres
  A centaur (D:2)
  3 bullfrogs (D:6)
  A scorpion (D:7)
  A howler monkey (D:4)
  6 quasits
  A jelly (D:6)
  3 hounds
  4 orc priests
  2 orc wizards
  2 iguanas
  A worker ant (D:4)
  10 gnolls
  9 adders
  2 white imps (D:6)
  3 oozes
  An adder skeleton (D:4)
  A worm (D:2)
  The ghost of DocClef the Covert, a weakling GnDe (D:5)
  3 dart slugs
  4 leopard geckos
  17 orcs
  3 ball pythons
  7 giant cockroaches
  12 goblins
  15 hobgoblins
  2 jackals (D:1)
  2 quokkas
  A ball python skeleton (D:6)
  10 bats
  3 frilled lizards (D:1)
  A jackal skeleton (D:4)
  2 jackal zombies (D:5)
  11 kobolds
  A quokka zombie (D:5)
  11 rats
161 creatures vanquished.

Notes
Turn   | Place    | Note
-------+----------+-------------------------------------------
     0 | D:1      | jiml777 the Deep Elf Air Elementalist began the quest for
                  | the Orb.
     0 | D:1      | Reached XP level 1. HP: 10/10 MP: 6/6
   341 | D:1      | Reached XP level 2. HP: 15/15 MP: 5/8
   823 | D:1      | Reached XP level 3. HP: 19/19 MP: 6/10
  1409 | D:2      | Found a bloodstained altar of Trog.
  1427 | D:2      | Found a hide-covered altar of Uskayaw.
  1563 | D:2      | Reached skill level 4 in Spellcasting
  1780 | D:2      | Learned a level 2 spell: Swiftness
  1784 | D:2      | Learned a level 3 spell: Static Discharge
  1794 | D:2      | Reached XP level 4. HP: 24/24 MP: 8/12
  1840 | D:2      | Noticed a centaur
  1851 | D:2      | Killed a centaur
  1851 | D:2      | Reached XP level 5. HP: 14/28 MP: 8/14
  2037 | D:2      | Reached skill level 5 in Spellcasting
  2422 | D:2      | Learned a level 4 spell: Airstrike
  2598 | D:2      | Found an iron altar of Okawaru.
  3227 | D:3      | Reached XP level 6. HP: 32/32 MP: 8/16
  3291 | D:3      | Found a hazy altar of Hepliaklqana.
  3292 | D:3      | Found a shadowy altar of Dithmenos.
  3313 | D:3      | Noticed a shadow
  3380 | D:3      | Found an opulent altar of Gozag.
  3929 | D:3      | Found a white marble altar of Elyvilon.
  4101 | D:4      | Reached skill level 6 in Spellcasting
  4101 | D:4      | Reached skill level 5 in Air Magic
  4351 | D:4      | Found a blossoming altar of Fedhas.
  4357 | D:4      | Reached XP level 7. HP: 36/36 MP: 16/18
  4684 | D:4      | Reached skill level 7 in Spellcasting
  5252 | D:5      | Entered Level 5 of the Dungeon
  5261 | D:5      | Noticed DocClef's ghost (weakling GnDe)
  5271 | D:5      | Reached skill level 1 in Evocations
  5337 | D:5      | Found a transporter.
  5354 | D:5      | Found a transporter.
  5398 | D:5      | Killed DocClef's ghost
  5992 | D:5      | Found Onwe's Distillery.
  5995 | D:5      | Bought a potion of invisibility for 88 gold pieces
  5995 | D:5      | Bought a potion of stabbing for 44 gold pieces
  5995 | D:5      | Bought a potion of ambrosia for 88 gold pieces
  6016 | D:5      | Found Toetuec's Antique Armour Shoppe.
  6030 | D:5      | Found Jilan's Magic Scroll Shop.
  6490 | D:6      | Found a staircase to the Ecumenical Temple.
  6498 | Temple   | Entered the Ecumenical Temple
  6515 | Temple   | Became a worshipper of Sif Muna the Loreminder
  6559 | D:6      | Reached XP level 8. HP: 42/42 MP: 8/21
  7022 | D:6      | Reached skill level 8 in Spellcasting
  7250 | D:6      | Found Ediaraxt's General Store.
  7631 | D:7      | Found a radiant altar of Vehumet.
  7906 | D:7      | Slain by an orc warrior

Illustrated notes

Levels and vault maps discovered:
D:1:      ebering_hopf_link, layout_basic
D:2:      layout_basic, okawaru_gym_becter, grunt_temple_overflow_open
D:3:      layout_rooms, riverfiend_overflow_shadow_ancestor,
          nicolae_overflow_hidden_temple, grunt_gozag_statues
D:4:      layout_loops_ring, overflow_temple_1_default, kennysheep_another_room
D:5:      cheibrodos_quashed, layout_rooms, serial_shops, shop, kennysheep_mini,
          nicolae_shop_window_shopping, gammafunk_ghost_stat_death,
          kennysheep_big_empty_room
D:6:      layout_basic, minmay_temple_entry_wispy, serial_shops,
          nicolae_shop_stone
D:7:      layout_rooms, marbit_many_paths, lemuel_doored_altar,
          nicolae_overflow_crystal_walls, basic_altar, uniq_duvessa
Temple:   zaba_magenta_temple

Skill      XL: |  1  2  3  4  5  6  7  8 |
---------------+-------------------------+-----
Spellcasting   | 4 5 6 7 8 |  8.9
Conjurations   | 2 3 4 |  4.0
Air Magic      | 4 5 6 |  6.7
Dodging        | 3 4 |  4.5
Stealth        | 3 |  3.4
Evocations     | 2 3 |  3.8
Fighting       | |  0.4

Action                   |  1- 3 |  4- 6 |  7- 9 || total
-------------------------+-------+-------+-------++-------
Melee: Unarmed           |     5 |       |       ||     5
       Dagger            |    10 |       |       ||    10
       Short sword       |       |       |    10 ||    10
 Cast: Shock             |    77 |   127 |    44 ||   248
       Airstrike         |       |     5 |    55 ||    60
  Use: Scroll            |       |    10 |    12 ||    22
       Potion            |       |       |     3 ||     3
Armor: Robe              |     4 |     4 |    63 ||    71
Dodge: Dodged            |    19 |    23 |   111 ||   153

Table legend: (Time is in decaauts)
 A = Elapsed time spent in this place.
 B = Non-inter-level travel time spent in this place.
 C = Inter-level travel time spent in this place.
 D = Time resting spent in this place.
 E = Time spent auto-exploring this place.
 F = Levels seen in this place.
 G = Mean time per level.
                   A        B        C        D        E       F      G
               +--------+--------+--------+--------+--------+-----+--------+
         Total |   7898 |   7788 |    110 |   3957 |   2028 |   8 |  987.2 |
       Dungeon |   7863 |   7770 |     93 |   3957 |   2019 |   7 | 1123.3 |
        Temple |     34 |     17 |     17 |      0 |      9 |   1 |   34.0 |
               +--------+--------+--------+--------+--------+-----+--------+

Top non-repeatable levels by time:
     D:2: 1545 daAuts
     D:1: 1409 daAuts
     D:4: 1250 daAuts
     D:5: 1171 daAuts
     D:3: 1047 daAuts
     D:6: 1040 daAuts
     D:7: 398 daAuts
  Temple: 34 daAuts
